 Dungeon Crawl Stone Soup version 0.29.1-2-gbd0b4ee654 (webtiles) character file.

Game seed: 9553835944136742650

7307 qeuew the Blocker (level 11, 0/97 HPs)
             Began as a Gnoll Fighter on Nov 4, 2022.
             Was an Initiate of Ashenzari.
             Slain by a gnoll
             ... wielding a +0 halberd
             ... led by a gnoll sergeant
              (5 damage)
             ... on level 10 of the Dungeon.
             The game lasted 00:25:27 (12269 turns).

qeuew the Blocker (Gnoll Fighter)                  Turns: 12269, Time: 00:25:28

Health: 0/97       AC: 15    Str: 28    XL:     11   Next: 13%
Magic:  18/20      EV: 12    Int:  8    God:    Ashenzari [......]
Gold:   409        SH:  6    Dex: 11    Spells: 15/22 levels left

rFire   . . .      SeeInvis +   a - +1 war axe
rCold   . . .      Faith    .   c - +0 buckler
rNeg    . . .      Spirit   .   b - +0 scale mail
rPois   .          Reflect  .   (no helmet)
rElec   .          Harm     .   l - scarf "Malaise of Ashenzari" {repulsion, Elem, Bglg} (curse)
rCorr   .          Rampage  .   h - +2 pair of gloves {Stlth+}
Will    .....      Clarity  +   r - +2 pair of boots {Fly}
Stlth   +++.......              w - amulet of magic regeneration
HPRegen 0.26/turn               f - ring of see invisible
MPRegen 0.57/turn               s - +6 ring of strength

@: mighty, freezing walls, flying, repel missiles
A: fangs 1, strong nose, distributed training, clarity, robust 1, strong 1,
MP-powered wands
a: Renounce Religion, Curse Item, Shatter the Chains


You were on level 10 of the Dungeon.
You worshipped Ashenzari.
Ashenzari was noncommittal.
You visited 1 branch of the dungeon, and saw 10 of its levels.

You collected 590 gold pieces.
You spent 181 gold pieces at shops.

Inventory:

Hand Weapons
 a - a +1 war axe (weapon)
Armour
 b - a +0 scale mail (worn)
 c - a +0 buckler (worn)
 h - a +2 pair of gloves of stealth (worn)
 l - the cursed scarf "Malaise of Ashenzari" (worn) {repulsion, Elem, Bglg}
   (You found it on level 3 of the Dungeon)

   It has a curse which improves the following skills: Elements: Fire Magic, Ice
   Magic, Air Magic and Earth Magic.
   Beguiling: Conjurations, Hexes and Translocations.
 r - a +2 pair of boots of flying (worn)
Jewellery
 f - a ring of see invisible (left hand)
 s - a +6 ring of strength (right hand)
 v - a ring of willpower
 w - an amulet of magic regeneration (around neck)
Wands
 n - a wand of flame (6)
 o - a wand of digging (4)
 p - a wand of paralysis (4)
Scrolls
 e - 5 scrolls of teleportation
 i - a scroll of enchant weapon
 k - a scroll of amnesia
 q - a scroll of enchant armour
 t - 4 scrolls of identify
 u - 2 scrolls of magic mapping
Potions
 d - a potion of might
 g - 3 potions of curing
 j - 2 potions of mutation
 m - a potion of attraction


   Skills:
 + Level 9.1 Fighting
 + Level 6.2 Short Blades
 + Level 6.2 Long Blades
 + Level 7.8 Axes
 + Level 6.2 Maces & Flails
 + Level 6.2 Polearms
 + Level 6.2 Staves
 + Level 6.2 Ranged Weapons
 + Level 6.2 Throwing
 + Level 9.1 Armour
 + Level 6.2 Dodging
 + Level 6.2 Stealth
 + Level 9.1 Shields
 + Level 6.2 Unarmed Combat
 + Level 6.2 Spellcasting
 + Level 5.1(5.5) Conjurations
 + Level 5.1(5.5) Hexes
 + Level 5.1 Summonings
 + Level 5.1 Necromancy
 + Level 5.1(5.5) Translocations
 + Level 5.1 Transmutations
 + Level 5.1(5.5) Fire Magic
 + Level 5.1(5.5) Ice Magic
 + Level 5.1(5.5) Air Magic
 + Level 5.1(5.5) Earth Magic
 + Level 5.1 Poison Magic
 + Level 6.8 Invocations
 + Level 6.2 Evocations


You had 15 spell levels left.
You knew the following spells:

 Your Spells              Type           Power      Damage    Failure   Level
a - Foxfire               Conj/Fire      44%        2x1d6     5%          1
b - Frozen Ramparts       Ice            22%        1d4       17%         3
c - Gell's Gravitas       Tloc           11%        N/A       17%         3

Your spell library contained the following spells:

 Spells                   Type           Power      Damage    Failure   Level
 Freeze                   Ice            44%        1d6       5%          1
 Necrotise                Necr           40%        1d6       7%          1
 Sting                    Tmut/Pois      40%        1d5       7%          1
 Poisonous Vapours        Pois/Air       22%        N/A       9%          2
 Lesser Beckoning         Tloc           11%        N/A       17%         3
 Teleport Other           Tloc           11%        N/A       17%         3
 Vampiric Draining        Necr           10%        2d6       21%         3
 Hailstorm                Conj/Ice       11%        3d5       50%         4
 Corpse Rot               Necr/Pois/Air  10%        N/A       52%         4
 Dispel Undead            Necr           10%        3d9       54%         4
 Olgreb's Toxic Radiance  Pois           10%        N/A       54%         4
 Agony                    Necr           10%        N/A       88%         5
 Death Channel            Necr           5%         N/A       100%        6


Dungeon Overview and Level Annotations

Branches:
Dungeon (10/15)            Temple (0/1) D:7            Lair (0/5) D:9
    Orc: D:9-12

Altars:
Ashenzari
Dithmenos
Elyvilon
Kikubaaqudgha
Nemelex Xobeh
Vehumet
Wu Jian
Yredelemnul
The Shining One
Lugonu

Shops:
D:2 [   D:4 *   D:7 !*   D:9 *

Annotations:
D:7 2 transporters, exclusion: statue


Innate Abilities, Weirdness & Mutations

You have very sharp teeth.
Your uncanny sense of smell can sniff out nearby items.
Your experience applies equally to all skills.
You possess an exceptional clarity of mind.
You are robust. (+10% HP)
Your muscles are strong. (Str +4, Int/Dex -1)
You expend magic power (3 MP) to strengthen your wands.


Message History

You block the centaur's attack.
The wall freezes the orc warrior but does no damage.
The orc warrior hits you with a +0 battleaxe.
* * * LOW HITPOINT WARNING * * *
The troll bites you but does no damage. You block the troll's attack.
The troll claws you but does no damage.
The wall freezes the centaur.
The centaur hits you but does no damage.
The centaur closely misses you.
You closely miss the troll.
The troll is lightly wounded.
You hit the gnoll.
You kill the gnoll!
You slash the orc warrior! You closely miss the centaur.
The wall freezes the orc warrior but does no damage.
You block the orc warrior's attack. The troll closely misses you.
The troll claws you!
* * * LOW HITPOINT WARNING * * *
The troll closely misses you. The gnoll closely misses you.
You block the gnoll's attack.
The wall freezes the centaur.
The centaur hits you but does no damage.
The centaur kicks you.
* * * LOW HITPOINT WARNING * * *
The gnoll hits you from afar with a +0 halberd.
* * * LOW HITPOINT WARNING * * *
The wall freezes the orc warrior but does no damage.
The orc warrior barely misses you. The troll bites you but does no damage.
The troll claws you!
* * * LOW HITPOINT WARNING * * *
The troll closely misses you. The kobold brigand closely misses you.
Unknown command.
You feel very mighty all of a sudden.
The wall freezes the centaur.
The centaur hits you but does no damage.
You block the centaur's attack.
The wall freezes the centaur but does no damage.
You block the centaur's attack.
The centaur kicks you but does no damage.
The kobold brigand hits you but does no damage.
The gnoll hits you from afar with a +0 halberd.
You die...

... .............. ....
.............. ....#
.............
.....##............
.<.................
.......g.g.......$#
......).gg........ .
........KKT...### ...
........Ko@...#.#....
......[..c##.........
...............#....
#..............# #.#
##............###
>................###
....................##
.........#....#.......#
..............#.....###


You could see a troll, an orc warrior, a kobold brigand, a gnoll sergeant, a
centaur, 3 gnolls and 2 kobolds.

Vanquished Creatures
  Joseph (D:7)
  Maggie (D:7)
  A komodo dragon (D:9)
  2 trolls
  3 hornets
  Sigmund (D:2)
  Eustachio (D:4)
  4 yaks (D:8)
  A steam dragon (D:9)
  Menkaure (D:7)
  Edmund (D:4)
  Duvessa (D:5)
  An ice beast (D:8)
  4 sky beasts
  An orc warrior (D:8)
  A black bear (D:6)
  An ogre (D:5)
  3 centaurs
  Blork the orc (D:5)
  5 necrophages
  A bullfrog (D:6)
  5 scorpions
  10 wights
  9 killer bees
  Dowan (D:5)
  3 howler monkeys
  A bullfrog zombie (D:5)
  A human zombie (D:5)
  4 jellies
  Crazy Yiuf (D:2)
  3 orc priests
  6 hounds
  Jessica (D:2)
  6 iguanas
  A scorpion zombie (D:5)
  11 orc wizards
  2 mummies (D:5)
  A howler monkey zombie (D:5)
  12 adders
  3 gnolls
  3 river rats (D:5)
  A white imp (D:7)
  An ufetubus (D:6)
  2 worms
  2 dart slugs
  29 orcs
  9 endoplasms
  3 giant cockroaches
  9 hobgoblins
  6 jackals
  2 quokkas
  5 ball pythons
  6 bats
  4 frilled lizards
  8 goblins
  3 kobolds
  11 rats
221 creatures vanquished.

Vanquished Creatures (others)
  A killer bee (D:7)
  270 foxfires
  2 fungi (D:2)
  26 plants
299 creatures vanquished.

Grand Total: 520 creatures vanquished

Notes
Turn   | Place    | Note
-------+----------+-------------------------------------------
     0 | D:1      | qeuew the Gnoll Fighter began the quest for the Orb.
     0 | D:1      | Reached XP level 1. HP: 23/23 MP: 1/1
    38 | D:1      | Reached XP level 2. HP: 26/29 MP: 2/2
   304 | D:1      | Reached XP level 3. HP: 34/35 MP: 3/3
   485 | D:1      | Reached skill level 1 in Invocations
   807 | D:2      | Reached skill level 1 in Short Blades
   807 | D:2      | Reached skill level 1 in Long Blades
   807 | D:2      | Reached skill level 1 in Maces & Flails
   807 | D:2      | Reached skill level 1 in Polearms
   807 | D:2      | Reached skill level 1 in Staves
   807 | D:2      | Reached skill level 1 in Ranged Weapons
   807 | D:2      | Reached skill level 1 in Throwing
   807 | D:2      | Reached skill level 1 in Dodging
   807 | D:2      | Reached skill level 1 in Stealth
   807 | D:2      | Reached skill level 1 in Unarmed Combat
   807 | D:2      | Reached skill level 1 in Spellcasting
   807 | D:2      | Reached skill level 1 in Evocations
   841 | D:2      | Reached skill level 1 in Conjurations
   841 | D:2      | Reached skill level 1 in Hexes
   841 | D:2      | Reached skill level 1 in Summonings
   841 | D:2      | Reached skill level 1 in Necromancy
   841 | D:2      | Reached skill level 1 in Translocations
   841 | D:2      | Reached skill level 1 in Transmutations
   841 | D:2      | Reached skill level 1 in Fire Magic
   841 | D:2      | Reached skill level 1 in Ice Magic
   841 | D:2      | Reached skill level 1 in Air Magic
   841 | D:2      | Reached skill level 1 in Earth Magic
   841 | D:2      | Reached skill level 1 in Poison Magic
   841 | D:2      | Reached XP level 4. HP: 24/41 MP: 5/5
  1065 | D:2      | You fall into a shaft and drop 1 floor!
  1156 | D:3      | Reached XP level 5. HP: 47/47 MP: 5/7
  1808 | D:2      | Found a faded altar of an unknown god.
  1851 | D:2      | Noticed Sigmund
  1867 | D:2      | Killed Sigmund
  1868 | D:2      | Reached skill level 5 in Axes
  1868 | D:2      | Reached XP level 6. HP: 49/53 MP: 7/9
  1943 | D:2      | Got Plato's Anthology of Incandescence
  2014 | D:2      | Noticed Jessica
  2033 | D:2      | Killed Jessica
  2261 | D:2      | Found Lamoef's Antique Armour Shoppe.
  2408 | D:2      | Found a runed translucent door.
  2409 | D:2      | Noticed Crazy Yiuf
  2569 | D:2      | Killed Crazy Yiuf
  3133 | D:2      | Bought a pair of glowing boots for 165 gold pieces
  3173 | D:4      | Reached XP level 7. HP: 54/59 MP: 10/10
  3349 | D:4      | Learned a level 1 spell: Foxfire
  3376 | D:4      | Found the +3 woodcutter's axe {vorpal}
  3396 | D:4      | Found Zyup's Fire Supplies.
  3937 | D:4      | Noticed Eustachio
  4292 | D:4      | Noticed Edmund
  4311 | D:4      | Killed Edmund
  4539 | D:4      | Reached XP level 8. HP: 53/64 MP: 12/12
  4727 | D:4      | Killed Eustachio
  4976 | D:4      | Gained mutation: You are agile. (Dex +4, Str/Int -1)
                  | [potion of mutation]
  4976 | D:4      | Gained mutation: You expend magic power (3 MP) to
                  | strengthen your wands. [potion of mutation]
  4976 | D:4      | Gained mutation: Potions are less effective at restoring
                  | your health. [potion of mutation]
  4977 | D:4      | Lost mutation: You are agile. (Dex +4, Str/Int -1) [potion
                  | of mutation]
  4977 | D:4      | Lost mutation: Potions are less effective at restoring your
                  | health. [potion of mutation]
  4977 | D:4      | Lost mutation: You expend magic power (3 MP) to strengthen
                  | your wands. [potion of mutation]
  4977 | D:4      | Gained mutation: You have hidden genetic potential. [potion
                  | of mutation]
  4977 | D:4      | Gained mutation: You possess an exceptional clarity of
                  | mind. [potion of mutation]
  4977 | D:4      | Gained mutation: You expend magic power (3 MP) to
                  | strengthen your wands. [potion of mutation]
  5094 | D:5      | Entered Level 5 of the Dungeon
  5094 | D:5      | Noticed Blork the orc
  5104 | D:5      | Killed Blork the orc
  5642 | D:5      | Noticed Duvessa
  5659 | D:5      | Killed Duvessa
  5660 | D:5      | Noticed Dowan
  5667 | D:5      | Killed Dowan
  6121 | D:5      | Reached XP level 9. HP: 61/73 MP: 14/14
  6240 | D:5      | Gained mutation: You are robust. (+10% HP) [hidden
                  | potential]
  6300 | D:5      | Found a basalt altar of Yredelemnul.
  6842 | D:6      | Found a broken altar of Ashenzari.
  6846 | D:6      | Found an ornate altar of the Wu Jian Council.
  6846 | D:6      | Found a white marble altar of Elyvilon.
  6856 | D:6      | Found a shadowy altar of Dithmenos.
  6893 | D:6      | Became a worshipper of Ashenzari the Shackled
  7100 | D:6      | Reached skill level 5 in Invocations
  7600 | D:7      | Noticed Maggie
  7601 | D:7      | Noticed Joseph
  7620 | D:7      | Killed Maggie
  7621 | D:7      | Killed Joseph
  7622 | D:7      | Reached skill level 5 in Short Blades
  7622 | D:7      | Reached skill level 5 in Long Blades
  7622 | D:7      | Reached skill level 5 in Maces & Flails
  7622 | D:7      | Reached skill level 5 in Polearms
  7622 | D:7      | Reached skill level 5 in Staves
  7622 | D:7      | Reached skill level 5 in Ranged Weapons
  7622 | D:7      | Reached skill level 5 in Throwing
  7622 | D:7      | Reached skill level 5 in Dodging
  7622 | D:7      | Reached skill level 5 in Stealth
  7622 | D:7      | Reached skill level 5 in Unarmed Combat
  7622 | D:7      | Reached skill level 5 in Spellcasting
  7622 | D:7      | Reached skill level 5 in Evocations
  7622 | D:7      | Reached XP level 10. HP: 38/90 MP: 17/17
  7623 | D:7      | Gained mutation: Your muscles are strong. (Str +4, Int/Dex
                  | -1) [hidden potential]
  7623 | D:7      | Lost mutation: You have hidden genetic potential. [hidden
                  | potential expressed]
  8228 | D:7      | Found a radiant altar of Vehumet.
  8292 | D:7      | Found a transporter.
  8294 | D:7      | Noticed a green ugly thing
  8297 | D:7      | Noticed a cyan ugly thing
  8298 | D:7      | Noticed a cyan ugly thing
  8377 | D:7      | Found a corrupted altar of Lugonu.
  8378 | D:7      | Found a transporter.
  8402 | D:7      | Found Geasanow's Assorted Antiques.
  8460 | D:7      | Noticed Menkaure
  8475 | D:7      | Killed Menkaure
  8878 | D:7      | Found Sekhlaol's Distillery.
  9107 | D:7      | Bought a potion of degeneration for 16 gold pieces
  9127 | D:7      | Found a staircase to the Ecumenical Temple.
 10081 | D:8      | Learned a level 3 spell: Frozen Ramparts
 10150 | D:8      | Found an ancient bone altar of Kikubaaqudgha.
 11042 | D:9      | Found a staircase to the Lair.
 11248 | D:9      | Found Qumizetz's Serpentskin Sales.
 11490 | D:9      | Reached skill level 5 in Conjurations
 11490 | D:9      | Reached skill level 5 in Hexes
 11490 | D:9      | Reached skill level 5 in Summonings
 11490 | D:9      | Reached skill level 5 in Necromancy
 11490 | D:9      | Reached skill level 5 in Translocations
 11490 | D:9      | Reached skill level 5 in Transmutations
 11490 | D:9      | Reached skill level 5 in Fire Magic
 11490 | D:9      | Reached skill level 5 in Ice Magic
 11490 | D:9      | Reached skill level 5 in Air Magic
 11490 | D:9      | Reached skill level 5 in Earth Magic
 11490 | D:9      | Reached skill level 5 in Poison Magic
 11490 | D:9      | Reached XP level 11. HP: 45/97 MP: 20/20
 11831 | D:9      | Found a sparkling altar of Nemelex Xobeh.
 11969 | D:9      | Found a glowing golden altar of the Shining One.
 12184 | D:10     | Entered Level 10 of the Dungeon
 12241 | D:10     | Learned a level 3 spell: Gell's Gravitas
 12269 | D:10     | Slain by a gnoll

Illustrated notes

Levels and vault maps discovered:
D:1:      eino_arrival_tree_alley, layout_rooms, corexii_leaking_fountain,
          nicolae_grassy_gnolls
D:2:      layout_loops_ring, shapermc_ecumenical_altar_rom_forum, serial_shops,
          nicolae_square_shop, uniq_sigmund, uniq_jessica,
          uniq_crazy_yiuf_cottage
D:3:      layout_basic
D:4:      layout_gridville, serial_forest, infiniplex_forest_end_2,
          infiniplex_forest_corner_1, infiniplex_forest_clump_tiny,
          infiniplex_forest_lined_room_, nicolae_shop_fire_sale
          [nicolae_sub_dead_trees], minmay_pentomino_pile, uniq_edmund,
          uniq_eustachio
D:5:      layout_gridville, lemuel_mausoleum_altar_yredelemnul,
          lightli_sewer_entry_pipes, uniq_blork_the_orc, uniq_duvessa
D:6:      layout_basic, grunt_temple_overflow_open
D:7:      gammafunk_corrupted_shrine, layout_basic, vehumet_statue,
          lemuel_temple_firewalk_b, serial_shops, shop,
          nicolae_shop_overgrown_old_shop,
          nicolae_concentric_dashed_squares_wild, uniq_joseph, uniq_maggie,
          uniq_menkaure
D:8:      layout_loops_ring, mainiacjoe_overflow_24_doors, nrook_uturn
D:9:      layout_irregular_city, tso_altar, mainiacjoe_overflow_alcove_1,
          david_lair_shrubbed, guppyfry_shop_venom
D:10:     layout_cave_pools, minmay_librarian

Skill      XL: |  1  2  3  4  5  6  7  8  9 10 |
---------------+-------------------------------+-----
Invocations    | 1 2 3 4 5 6 |  6.8
Short Blades   | 1 2 3 5 6 |  6.2
Long Blades    | 1 2 3 5 6 |  6.2
Maces & Flails | 1 2 3 5 6 |  6.2
Polearms       | 1 2 3 5 6 |  6.2
Staves         | 1 2 3 5 6 |  6.2
Ranged Weapons | 1 2 3 5 6 |  6.2
Throwing       | 1 2 3 5 6 |  6.2
Dodging        | 1 2 3 5 6 |  6.2
Stealth        | 1 2 3 5 6 |  6.2
Unarmed Combat | 1 2 3 5 6 |  6.2
Spellcasting   | 1 2 3 5 6 |  6.2
Evocations     | 1 2 3 5 6 |  6.2
Conjurations   | 1 2 3 4 5 |  5.1
Hexes          | 1 2 3 4 5 |  5.1
Summonings     | 1 2 3 4 5 |  5.1
Necromancy     | 1 2 3 4 5 |  5.1
Translocations | 1 2 3 4 5 |  5.1
Transmutations | 1 2 3 4 5 |  5.1
Fire Magic     | 1 2 3 4 5 |  5.1
Ice Magic      | 1 2 3 4 5 |  5.1
Air Magic      | 1 2 3 4 5 |  5.1
Earth Magic    | 1 2 3 4 5 |  5.1
Poison Magic   | 1 2 3 4 5 |  5.1
Axes           | 5 6 7 |  7.8
Fighting       | 7 8 9 |  9.1
Armour         | 7 8 9 |  9.1
Shields        | 7 8 9 |  9.1

Action                   |  1- 3 |  4- 6 |  7- 9 | 10-12 || total
-------------------------+-------+-------+-------+-------++-------
Melee: War axe           |    67 |   139 |   366 |   218 ||   790
       Bite              |     4 |    16 |    36 |    27 ||    83
 Cast: Foxfire           |       |       |    61 |    98 ||   159
       Frozen Ramparts   |       |       |       |     2 ||     2
       Gell's Gravitas   |       |       |       |     1 ||     1
Invok: Curse Item        |       |       |       |     1 ||     1
  Use: Scroll            |     4 |       |    12 |     1 ||    17
       Potion            |     1 |       |     4 |     2 ||     7
 Stab: Sleeping          |       |       |     1 |     1 ||     2
Armor: Scale mail        |    35 |    61 |   206 |   139 ||   441
Dodge: Dodged            |    20 |    67 |   231 |   194 ||   512
       Repelled          |       |       |       |     1 ||     1
Block: Buckler           |    27 |    53 |   140 |   105 ||   325
